Flames vs Kings
(R1)
Created - March 31, 2024 at 21:45
Goals
|
| Flames |
2 |
1 |
3 |
6 |
| Kings |
1 |
0 |
1 |
2 |
|
Shots
|
| Flames |
9 |
12 |
12 |
33 |
| Kings |
10 |
9 |
10 |
29 |
|
1st period
1. Flames , Colin Wilson 7 (Erik Johnson 33, Kevin Labanc 19) at 5:02
2. Flames , Eric Staal 31 (Bryan Rust 27) at 10:07
3. Kings , Alex Killorn 11 (Matthew Tkachuk 14, Zac Rinaldo 5) at 14:04
Penalties :
No Penalty
2nd period
4. Flames , Jimmy Hayes 15 (Eric Staal 42) at 14:05 (PP)
Penalties :
Kevin Hayes (L.A) for Goalie Interference (Minor) at 1:39, Raphael Diaz (L.A) for Tripping (Minor) at 8:31, Zac Rinaldo (L.A) for Hooking (Minor) at 11:05, Mikko Rantanen (L.A) for Hooking (Minor) at 14:02, Brian Ferlin (L.A) for Diving (Minor) at 15:10
3rd period
5. Flames , Jimmy Hayes 16 (Eric Staal 43, Tanner Pearson 22) at 0:38 (PP)
6. Kings , Chris Tierney 17 (Jared Cowen 17, Tyler Johnson 41) at 1:52
7. Flames , Tanner Pearson 24 (Sami Vatanen 22, Erik Johnson 34) at 5:51
8. Flames , Eric Staal 32 (Sami Vatanen 23) at 6:11 (PP)
Penalties :
Colton Parayko (L.A) for Holding (Minor) at 0:22, Martin Marincin (L.A) for Hooking (Minor) at 2:28, Kevin Hayes (L.A) for Roughing (Minor) at 6:02, David Savard (Cal) for Boarding (Minor) at 8:30, David Ullstrom (Cal) for Tripping (Minor) at 19:59
Goalie Stats
Christopher Gibson (Cal), 27 saves from 29 shots - (0.931), W, 29-17-1, 60:00 minutes
Charlie Lindgren (L.A), 27 saves from 33 shots - (0.818), L, 0-1-0, 60:00 minutes
Players Stats for Flames
Player Name G A P +/- PIM S H SB GA TA FO MP PP MP PK MP
------------------------------------------------------------------------------------
Anders Lee 0 0 0 0 0 1 0 0 0 0 4/5 9:49 0:34 0:26
Brad Marchand 0 0 0 1 0 3 2 1 1 0 0/2 18:06 0:07 0:59
Bryan Rust 0 1 1 1 0 2 2 1 0 0 0/0 17:41 0:07 0:34
Christian Folin 0 0 0 0 0 4 0 0 1 1 0/0 20:52 4:47 1:10
Colby Robak 0 0 0 0 0 2 0 0 1 0 0/0 12:45 0:00 1:10
Colin Wilson 1 0 1 -1 0 1 1 0 0 0 0/1 9:37 0:00 0:00
David Savard 0 0 0 0 2 0 0 0 0 0 0/0 12:04 0:00 0:00
David Ullstrom 0 0 0 0 2 0 1 1 0 0 0/0 9:17 0:00 0:43
Eric Staal 2 2 4 1 0 3 3 0 2 0 22/37 22:29 5:26 0:17
Erik Johnson 0 2 2 1 0 2 3 1 0 1 0/0 27:33 5:36 0:49
Esa Lindell 0 0 0 0 0 2 1 0 1 0 0/0 19:42 4:47 0:00
Jake DeBrusk 0 0 0 -1 0 0 0 0 0 0 0/0 14:18 4:23 0:00
Jimmy Hayes 2 0 2 1 0 6 1 1 0 0 0/1 18:01 5:53 0:00
Kevin Labanc 0 1 1 -1 0 2 0 1 2 0 1/1 14:18 4:23 0:00
Kyle Palmieri 0 0 0 0 0 0 1 0 0 0 0/0 8:05 0:00 0:00
Patrik Berglund 0 0 0 1 0 0 3 0 0 1 6/13 17:48 4:23 0:59
Sami Vatanen 0 2 2 1 0 3 4 1 2 2 0/0 27:33 5:36 0:49
Tanner Pearson 1 1 2 1 0 2 2 0 1 1 0/0 18:01 5:53 0:00
Players Stats for Kings
Player Name G A P +/- PIM S H SB GA TA FO MP PP MP PK MP
------------------------------------------------------------------------------------
Alex Killorn 1 0 1 1 0 2 1 0 0 0 0/0 7:39 0:00 0:57
Auston Matthews 0 0 0 -1 0 3 0 0 0 0 4/8 14:21 0:51 0:00
Brian Ferlin 0 0 0 -1 2 0 1 0 0 0 1/2 13:57 0:14 0:00
Charlie McAvoy 0 0 0 -1 0 0 0 0 0 0 0/0 16:03 0:00 0:26
Chris Tierney 1 0 1 0 0 5 1 0 0 0 0/0 20:27 0:54 6:11
Colton Parayko 0 0 0 -1 2 1 1 2 0 1 0/0 21:42 0:00 5:48
Jared Cowen 0 1 1 -1 0 2 0 0 1 2 0/0 22:23 0:00 6:04
Johnny Gaudreau 0 0 0 -1 0 2 2 1 2 0 0/0 14:21 0:51 0:00
Kevin Hayes 0 0 0 0 4 2 1 0 0 0 7/18 16:50 0:14 2:39
Martin Marincin 0 0 0 1 2 0 1 1 0 1 0/0 19:29 0:00 3:25
Matthew Tkachuk 0 1 1 1 0 0 2 0 0 0 0/0 7:20 0:54 0:00
Mikko Rantanen 0 0 0 -1 2 3 0 2 1 0 0/0 14:24 0:55 0:00
Mitch Marner 0 0 0 -1 0 2 3 1 0 0 1/1 14:36 1:05 0:00
Raphael Diaz 0 0 0 -1 2 0 0 0 0 3 0/0 19:53 1:04 3:11
Sam Bennett 0 0 0 -1 0 2 2 1 0 0 6/15 17:13 0:54 2:20
Tyler Johnson 0 1 1 0 0 1 1 1 0 2 8/14 20:48 1:04 6:21
Victor Hedman 0 0 0 1 0 2 0 2 1 1 0/0 18:31 0:55 1:52
Zac Rinaldo 0 1 1 1 2 2 1 0 1 1 0/2 9:32 0:00 2:18
3 Stars
1 - Eric Staal (Cal)
2 - Jimmy Hayes (Cal)
3 - Tanner Pearson (Cal)
Power Play
Flames - 3 on 8 Attempt(s) - 37.50%
Kings - 0 on 2 Attempt(s) - 0.00%
Penalty Kill
Flames - 2 on 2 Attempt(s) - 100.00%
- Score 0 goal in Penalty Kill
Kings - 5 on 8 Attempt(s) - 62.50%
- Score 0 goal in Penalty Kill
Team Stat
Flames - Hits : 24 - Faceoff Wins : 33 - Blocked Shots : 7 - Penalty Minutes : 4
Kings - Hits : 17 - Faceoff Wins : 27 - Blocked Shots : 11 - Penalty Minutes : 16
Official
Referees : Trevor Hanson and Kevin Pollock
Linesman : Ryan Daisy and Tony Sericolo
Game Notes
No Game Note
Finance
Level 1 -- Attendance: 6000 (100.00%) -- Ticket Income $600,000
Level 2 -- Attendance: 4682 (93.64%) -- Ticket Income $280,920
Level 3 -- Attendance: 1769 (88.45%) -- Ticket Income $61,915
Level 4 -- Attendance: 3661 (91.53%) -- Ticket Income $91,525
Luxury Box -- Attendance: 940 (94.00%) -- Ticket Income $188,000
Game was played at the Staples Center.
Total Attendance: 17052 (94.73%)
Total Ticket Income: $1,222,360
Other Income: $183,354
Total Income: $1,405,714
Flames
5 vs 5 Forward
Center Left Wing Right Wing Time % Phy DF OF
1 Eric Staal Brad Marchand Bryan Rust 40 1 2 2
2 Patrik Berglund Tanner Pearson Jimmy Hayes 30 1 2 2
3 Colin Wilson Jake DeBrusk Kevin Labanc 20 1 2 2
4 Anders Lee David Ullstrom Kyle Palmieri 10 1 2 2
5 vs 5 Defense
Defense Defense Time % Phy DF OF
1 Erik Johnson Sami Vatanen 40 1 2 2
2 Esa Lindell Christian Folin 30 1 2 2
3 Colby Robak David Savard 20 1 2 2
4 Erik Johnson Sami Vatanen 10 1 2 2
PowerPlay Forward
Center Left Wing Right Wing Time % Phy DF OF
1 Eric Staal Tanner Pearson Jimmy Hayes 60 1 1 3
2 Patrik Berglund Jake DeBrusk Kevin Labanc 40 1 1 3
PowerPlay Defense
Defense Defense Time % Phy DF OF
1 Erik Johnson Sami Vatanen 60 1 1 3
2 Esa Lindell Christian Folin 40 1 1 3
Penalty Kill 4 Players Forward
Center Wing Time % Phy DF OF
1 Patrik Berglund Brad Marchand 60 1 2 2
2 Eric Staal Bryan Rust 40 1 2 2
Penalty Kill 4 Players Defense
Defense Defense Time % Phy DF OF
1 Colby Robak Christian Folin 60 1 2 2
2 Erik Johnson Sami Vatanen 40 1 2 2
Penalty Kill - 3 Players Forward
Forward Time % Phy DF OF
1 Eric Staal 60 1 2 2
2 Patrik Berglund 40 1 2 2
Penalty Kill - 3 Players Defense
Defense Defense Time % Phy DF OF
1 Erik Johnson Sami Vatanen 60 1 2 2
2 Colby Robak Christian Folin 40 1 2 2
4 vs 4 Forward
Center Wing Time % Phy DF OF
1 Eric Staal Bryan Rust 60 1 2 2
2 Patrik Berglund Brad Marchand 40 1 2 2
4 vs 4 Defense
Defense Defense Time % Phy DF OF
1 Erik Johnson Sami Vatanen 60 1 2 2
2 Esa Lindell Christian Folin 40 1 2 2
Last Minutes Offensive
Center Left Wing Right Wing Defense Defense
Eric Staal Brad Marchand Bryan Rust Sami Vatanen Erik Johnson
Last Minutes Defensive
Center Left Wing Right Wing Defense Defense
Eric Staal Brad Marchand Bryan Rust Sami Vatanen Erik Johnson
Goaltenders
Starting : Christopher Gibson
Backup : Henrik Lundqvist
Extra Forwards
Normal : Tanner Pearson, Jimmy Hayes, Patrik Berglund - PP : Jake DeBrusk, Anders Lee - PK : Bryan Rust
Extra Defensemen
Normal : Colby Robak, Esa Lindell, Christian Folin - PP : Esa Lindell - PK : Christian Folin, David Savard
Penalty Shots
Eric Staal, Tanner Pearson, Jimmy Hayes, Kyle Palmieri, Patrik Berglund
Custom OT Lines Forwards
Eric Staal, Tanner Pearson, Patrik Berglund, Jimmy Hayes, Bryan Rust, Brad Marchand, Colin Wilson, Jake DeBrusk, Kevin Labanc, Kyle Palmieri
Custom OT Lines Defensemen
Erik Johnson, Sami Vatanen, Christian Folin, Esa Lindell, Colby Robak
Scratches
Chris Brown (Healthy), Mathieu Brodeur (Healthy), Matthew Nieto (Healthy), Victor Rask (Healthy)
Kings
5 vs 5 Forward
Center Left Wing Right Wing Time % Phy DF OF
1 Kevin Hayes Chris Tierney Tyler Johnson 30 1 2 2
2 Auston Matthews Johnny Gaudreau Mikko Rantanen 30 1 2 2
3 Sam Bennett Brian Ferlin Mitch Marner 30 1 2 2
4 Zac Rinaldo Alex Killorn Matthew Tkachuk 10 1 2 2
5 vs 5 Defense
Defense Defense Time % Phy DF OF
1 Colton Parayko Raphael Diaz 35 1 2 2
2 Jared Cowen Charlie McAvoy 35 1 2 2
3 Martin Marincin Victor Hedman 30 1 2 2
4 Jared Cowen Colton Parayko 0 1 2 2
PowerPlay Forward
Center Left Wing Right Wing Time % Phy DF OF
1 Auston Matthews Johnny Gaudreau Mitch Marner 60 1 2 2
2 Sam Bennett Chris Tierney Matthew Tkachuk 40 1 2 2
PowerPlay Defense
Defense Defense Time % Phy DF OF
1 Mikko Rantanen Victor Hedman 60 1 2 2
2 Tyler Johnson Raphael Diaz 40 1 2 2
Penalty Kill 4 Players Forward
Center Wing Time % Phy DF OF
1 Tyler Johnson Chris Tierney 60 1 3 1
2 Kevin Hayes Zac Rinaldo 40 1 3 1
Penalty Kill 4 Players Defense
Defense Defense Time % Phy DF OF
1 Jared Cowen Colton Parayko 60 1 4 0
2 Raphael Diaz Martin Marincin 40 1 4 0
Penalty Kill - 3 Players Forward
Forward Time % Phy DF OF
1 Chris Tierney 60 1 2 2
2 Tyler Johnson 40 1 2 2
Penalty Kill - 3 Players Defense
Defense Defense Time % Phy DF OF
1 Jared Cowen Colton Parayko 60 1 2 2
2 Raphael Diaz Martin Marincin 40 1 2 2
4 vs 4 Forward
Center Wing Time % Phy DF OF
1 Auston Matthews Johnny Gaudreau 55 1 1 3
2 Tyler Johnson Mikko Rantanen 45 1 1 3
4 vs 4 Defense
Defense Defense Time % Phy DF OF
1 Jared Cowen Colton Parayko 60 1 3 1
2 Martin Marincin Victor Hedman 40 0 3 2
Last Minutes Offensive
Center Left Wing Right Wing Defense Defense
Tyler Johnson Johnny Gaudreau Mikko Rantanen Victor Hedman Colton Parayko
Last Minutes Defensive
Center Left Wing Right Wing Defense Defense
Tyler Johnson Chris Tierney Mikko Rantanen Jared Cowen Colton Parayko
Goaltenders
Starting : Charlie Lindgren
Backup : Carter Hutton
Extra Forwards
Normal : Mitch Marner, Matthew Tkachuk, Mikko Rantanen - PP : Kevin Hayes, Brian Ferlin - PK : Sam Bennett
Extra Defensemen
Normal : Colton Parayko, Jared Cowen, Victor Hedman - PP : Charlie McAvoy - PK : Victor Hedman, Charlie McAvoy
Penalty Shots
Mikko Rantanen, Auston Matthews, Tyler Johnson, Johnny Gaudreau, Kevin Hayes
Custom OT Lines Forwards
Johnny Gaudreau, Tyler Johnson, Mitch Marner, Mikko Rantanen, Auston Matthews, Chris Tierney, Sam Bennett, Kevin Hayes, Matthew Tkachuk, Brian Ferlin
Custom OT Lines Defensemen
Jared Cowen, Colton Parayko, Victor Hedman, Martin Marincin, Raphael Diaz
Scratches
Neal Pionk (Back Spasms Injury), Ole-Kristian Tollefsen (Healthy), Alexandar Georgiev (Healthy)
% Time on Ice - Flames
Lines # - Real PCT - Wanted PCT - Time Play
Normal Forward
1 - 37% - 40% - 17:30
2 - 26% - 30% - 12:26
3 - 20% - 20% - 9:37
4 - 17% - 10% - 8:05
Normal Defense
1 - 40% - 40% - 19:04
2 - 32% - 30% - 15:25
3 - 24% - 20% - 11:35
4 - 3% - 10% - 1:34
PP Forward
1 - 58% - 60% - 6:00
2 - 42% - 40% - 4:23
PP Defense
1 - 54% - 60% - 5:36
2 - 46% - 40% - 4:47
PK Forward
1 - 86% - 60% - 1:42
2 - 14% - 40% - 0:17
PK Defense
1 - 59% - 60% - 1:10
2 - 41% - 40% - 0:49
PK3 Forward
1 - 0% - 60%
2 - 0% - 40%
PK3 Defense
1 - 0% - 60%
2 - 0% - 40%
44 Forward
1 - 0% - 60%
2 - 0% - 40%
44 Defense
1 - 0% - 60%
2 - 0% - 40%
Last Minute Offensive - 0:00
Last Minute Defensive - 0:00
Total
Forward - 60:00
Defense - 60:00
|
% Time on Ice - Kings
Lines # - Real PCT - Wanted PCT - Time Play
Normal Forward
1 - 28% - 30% - 13:23
2 - 30% - 30% - 14:23
3 - 28% - 30% - 13:10
4 - 14% - 10% - 6:42
Normal Defense
1 - 34% - 35% - 16:02
2 - 34% - 35% - 15:59
3 - 32% - 30% - 15:08
4 - 1% - 0% - 0:29
PP Forward
1 - 55% - 60% - 1:05
2 - 45% - 40% - 0:54
PP Defense
1 - 46% - 60% - 0:55
2 - 54% - 40% - 1:04
PK Forward
1 - 73% - 60% - 7:33
2 - 27% - 40% - 2:50
PK Defense
1 - 58% - 60% - 6:04
2 - 42% - 40% - 4:19
PK3 Forward
1 - 0% - 60%
2 - 0% - 40%
PK3 Defense
1 - 0% - 60%
2 - 0% - 40%
44 Forward
1 - 0% - 55%
2 - 0% - 45%
44 Defense
1 - 0% - 60%
2 - 0% - 40%
Last Minute Offensive - 0:00
Last Minute Defensive - 0:00
Total
Forward - 60:00
Defense - 60:00
|
Play-by-Play
1st period
0:01 of 1st period - Eric Staal wins face-off versus Kevin Hayes in neutral zone.
0:04 of 1st period - Colton Parayko is hit by Brad Marchand and loses puck.
0:11 of 1st period - Snap shot by Kevin Hayes.
0:11 of 1st period - Stopped by Christopher Gibson without a rebound.
0:12 of 1st period - Auston Matthews wins face-off versus Patrik Berglund in Flames zone.
0:13 of 1st period - Wrist shot by Johnny Gaudreau.
0:13 of 1st period - Deflect By Auston Matthews.
0:13 of 1st period - Stopped by Christopher Gibson without a rebound.
0:14 of 1st period - Patrik Berglund wins face-off versus Auston Matthews in Flames zone.
1:01 of 1st period - Jared Cowen is hit by Eric Staal and loses puck.
1:22 of 1st period - Martin Marincin is hit by Kyle Palmieri and loses puck.
1:43 of 1st period - Wrist shot by Kevin Labanc.
1:43 of 1st period - Shot Blocked by Colton Parayko.
1:45 of 1st period - Slapshot by Sami Vatanen.
1:45 of 1st period - Shot Misses the Net.
1:47 of 1st period - Snap shot by Erik Johnson.
1:47 of 1st period - Shot Blocked by Colton Parayko.
2:29 of 1st period - Jimmy Hayes is hit by Matthew Tkachuk and loses puck.
2:52 of 1st period - Tyler Johnson is hit by Bryan Rust and loses puck.
3:14 of 1st period - Off-side.
3:15 of 1st period - Anders Lee wins face-off versus Auston Matthews in neutral zone.
3:46 of 1st period - Snap shot by Brad Marchand.
3:46 of 1st period - Stopped by Charlie Lindgren without a rebound.
3:47 of 1st period - Sam Bennett wins face-off versus Eric Staal in Kings zone.
3:56 of 1st period - Wrist shot by Sam Bennett.
3:56 of 1st period - Stopped by Christopher Gibson without a rebound.
3:57 of 1st period - Sam Bennett wins face-off versus Eric Staal in Flames zone.
4:49 of 1st period - Erik Johnson is hit by Colton Parayko and loses puck.
4:58 of 1st period - Wrist shot by Kevin Labanc.
4:58 of 1st period - Stopped by Charlie Lindgren with a rebound.
5:00 of 1st period - Slapshot by Erik Johnson.
5:00 of 1st period - Shot Blocked by Mikko Rantanen.
5:02 of 1st period - Slapshot by Colin Wilson.
5:02 of 1st period - Goal by Colin Wilson - Flames : 1 - Kings : 0.
5:03 of 1st period - Eric Staal wins face-off versus Sam Bennett in neutral zone.
5:18 of 1st period - Snap shot by Sam Bennett.
5:18 of 1st period - Deflect By Brad Marchand.
5:18 of 1st period - Stopped by Christopher Gibson without a rebound.
5:19 of 1st period - Kevin Labanc wins face-off versus Tyler Johnson in Flames zone.
5:32 of 1st period - Erik Johnson is hit by Tyler Johnson and loses puck.
6:44 of 1st period - Slapshot by Tanner Pearson.
6:44 of 1st period - Shot Blocked by Victor Hedman.
7:18 of 1st period - Martin Marincin is hit by Erik Johnson and loses puck.
7:27 of 1st period - Eric Staal is hit by Mitch Marner and loses puck.
7:42 of 1st period - Snap shot by Patrik Berglund.
7:42 of 1st period - Shot Blocked by Mikko Rantanen.
8:02 of 1st period - Snap shot by Johnny Gaudreau.
8:02 of 1st period - Stopped by Christopher Gibson without a rebound.
8:03 of 1st period - Anders Lee wins face-off versus Kevin Hayes in Flames zone.
8:03 of 1st period - Anders Lee is hit by Kevin Hayes.
8:42 of 1st period - Mitch Marner is hit by Brad Marchand and loses puck.
9:39 of 1st period - Wrist shot by Tyler Johnson.
9:39 of 1st period - Shot Misses the Net.
9:41 of 1st period - Wrist shot by Chris Tierney.
9:41 of 1st period - Shot Misses the Net.
9:43 of 1st period - Wrist shot by Chris Tierney.
9:43 of 1st period - Stopped by Christopher Gibson with a rebound.
10:07 of 1st period - Snap shot by Eric Staal.
10:07 of 1st period - Goal by Eric Staal - Flames : 2 - Kings : 0.
10:08 of 1st period - Eric Staal wins face-off versus Auston Matthews in neutral zone.
10:11 of 1st period - Slapshot by Sami Vatanen.
10:11 of 1st period - Stopped by Charlie Lindgren without a rebound.
10:12 of 1st period - Eric Staal wins face-off versus Auston Matthews in Kings zone.
10:13 of 1st period - Wrist shot by Brad Marchand.
10:13 of 1st period - Shot Blocked by Johnny Gaudreau.
10:57 of 1st period - Wrist shot by Mikko Rantanen.
10:57 of 1st period - Shot Misses the Net.
11:15 of 1st period - Snap shot by Mikko Rantanen.
11:15 of 1st period - Stopped by Christopher Gibson with a rebound.
11:17 of 1st period - Wrist shot by Mikko Rantanen.
11:17 of 1st period - Stopped by Christopher Gibson without a rebound.
11:18 of 1st period - Kevin Hayes wins face-off versus Eric Staal in Flames zone.
12:02 of 1st period - Slapshot by Brad Marchand.
12:02 of 1st period - Stopped by Charlie Lindgren without a rebound.
12:03 of 1st period - Patrik Berglund wins face-off versus Brian Ferlin in Kings zone.
12:30 of 1st period - David Savard is hit by Zac Rinaldo and loses puck.
12:41 of 1st period - Wrist shot by Alex Killorn.
12:41 of 1st period - Shot Misses the Net.
12:43 of 1st period - Snap shot by Alex Killorn.
12:43 of 1st period - Shot Misses the Net.
13:33 of 1st period - Jared Cowen is hit by Sami Vatanen and loses puck.
13:42 of 1st period - Slapshot by Bryan Rust.
13:42 of 1st period - Stopped by Charlie Lindgren with a rebound.
14:02 of 1st period - Snap shot by Matthew Tkachuk.
14:02 of 1st period - Shot Blocked by Kevin Labanc.
14:04 of 1st period - Slapshot by Alex Killorn.
14:04 of 1st period - Goal by Alex Killorn - Flames : 2 - Kings : 1.
14:05 of 1st period - Sam Bennett wins face-off versus Patrik Berglund in neutral zone.
15:24 of 1st period - Snap shot by Jimmy Hayes.
15:24 of 1st period - Stopped by Charlie Lindgren with a rebound.
15:26 of 1st period - Slapshot by Christian Folin.
15:26 of 1st period - Stopped by Charlie Lindgren with a rebound.
18:33 of 1st period - Snap shot by Anders Lee.
18:33 of 1st period - Shot Blocked by Victor Hedman.
18:39 of 1st period - Snap shot by Anders Lee.
18:39 of 1st period - Shot Misses the Net.
18:41 of 1st period - Snap shot by Erik Johnson.
18:41 of 1st period - Deflect By Kyle Palmieri.
18:41 of 1st period - Shot Blocked by Mitch Marner.
18:41 of 1st period - Puck is out of play.
18:42 of 1st period - Kevin Hayes wins face-off versus Patrik Berglund in Kings zone.
18:47 of 1st period - Wrist shot by Colton Parayko.
18:47 of 1st period - Shot Blocked by Jimmy Hayes.
18:49 of 1st period - Slapshot by Tyler Johnson.
18:49 of 1st period - Shot Misses the Net.
18:51 of 1st period - Snap shot by Colton Parayko.
18:51 of 1st period - Stopped by Christopher Gibson with a rebound.
19:54 of 1st period - Icing by Victor Hedman.
19:55 of 1st period - Anders Lee wins face-off versus Kevin Hayes in Kings zone.
Goals for this period are 2 for Flames vs 1 for Kings.
Shots for this period are 9 for Flames vs 10 for Kings.
2nd period
0:01 of 2nd period - Eric Staal wins face-off versus Kevin Hayes in neutral zone.
0:48 of 2nd period - Snap shot by Brad Marchand.
0:48 of 2nd period - Shot Misses the Net.
0:50 of 2nd period - Slapshot by David Savard.
0:50 of 2nd period - Shot Misses the Net.
0:52 of 2nd period - Wrist shot by Bryan Rust.
0:52 of 2nd period - Shot Blocked by Sam Bennett.
0:54 of 2nd period - Backhand shot by Bryan Rust.
0:54 of 2nd period - Shot Misses the Net.
0:56 of 2nd period - Slapshot by Colby Robak.
0:56 of 2nd period - Shot Hit the Post.
0:58 of 2nd period - Snap shot by Colby Robak.
0:58 of 2nd period - Stopped by Charlie Lindgren without a rebound.
0:59 of 2nd period - Kevin Hayes wins face-off versus Patrik Berglund in Kings zone.
0:59 of 2nd period - Kevin Hayes is hit by Patrik Berglund.
1:25 of 2nd period - Charlie McAvoy is hit by Erik Johnson and loses puck.
1:34 of 2nd period - Wrist shot by Colin Wilson.
1:34 of 2nd period - Shot Misses the Net.
1:36 of 2nd period - Slapshot by Esa Lindell.
1:36 of 2nd period - Stopped by Charlie Lindgren without a rebound.
1:37 of 2nd period - Kevin Hayes wins face-off versus Anders Lee in Kings zone.
1:39 of 2nd period - Minor Penalty to Kevin Hayes for Goalie Interference.
1:40 of 2nd period - Tyler Johnson wins face-off versus Eric Staal in Kings zone.
1:40 of 2nd period - Tyler Johnson is hit by Erik Johnson.
1:45 of 2nd period - Snap shot by Jimmy Hayes.
1:45 of 2nd period - Shot Misses the Net.
1:47 of 2nd period - Snap shot by Erik Johnson.
1:47 of 2nd period - Shot Misses the Net.
1:49 of 2nd period - Snap shot by Jimmy Hayes.
1:49 of 2nd period - Stopped by Charlie Lindgren without a rebound.
1:50 of 2nd period - Tyler Johnson wins face-off versus Eric Staal in Kings zone.
1:50 of 2nd period - Tyler Johnson is hit by Sami Vatanen.
1:56 of 2nd period - Slapshot by Jared Cowen.
1:56 of 2nd period - Stopped by Christopher Gibson without a rebound.
1:57 of 2nd period - Tyler Johnson wins face-off versus Eric Staal in Flames zone.
3:12 of 2nd period - Eric Staal is hit by Alex Killorn and loses puck.
3:39 of 2nd period - Penalty to Kevin Hayes is over, Kevin Hayes is back on ice.
3:58 of 2nd period - Zac Rinaldo is hit by David Ullstrom and loses puck.
4:25 of 2nd period - Snap shot by Kevin Hayes.
4:25 of 2nd period - Stopped by Christopher Gibson with a rebound.
4:27 of 2nd period - Slapshot by Jared Cowen.
4:27 of 2nd period - Stopped by Christopher Gibson without a rebound.
4:28 of 2nd period - Auston Matthews wins face-off versus Brad Marchand in Flames zone.
4:43 of 2nd period - Wrist shot by Johnny Gaudreau.
4:43 of 2nd period - Deflect By Auston Matthews.
4:43 of 2nd period - Stopped by Christopher Gibson with a rebound.
4:45 of 2nd period - Wrist shot by Mikko Rantanen.
4:45 of 2nd period - Shot Blocked by Brad Marchand.
4:55 of 2nd period - Esa Lindell is hit by Chris Tierney and loses puck.
5:06 of 2nd period - Christian Folin is hit by Mitch Marner and loses puck.
6:07 of 2nd period - Wrist shot by Eric Staal.
6:07 of 2nd period - Stopped by Charlie Lindgren without a rebound.
6:08 of 2nd period - Auston Matthews wins face-off versus Eric Staal in Kings zone.
6:25 of 2nd period - Wrist shot by Bryan Rust.
6:25 of 2nd period - Stopped by Charlie Lindgren without a rebound.
6:26 of 2nd period - Kevin Hayes wins face-off versus Colin Wilson in Kings zone.
6:26 of 2nd period - Kevin Hayes is hit by Colin Wilson.
6:38 of 2nd period - Wrist shot by Colin Wilson.
6:38 of 2nd period - Shot Misses the Net.
6:40 of 2nd period - Slapshot by Colby Robak.
6:40 of 2nd period - Stopped by Charlie Lindgren without a rebound.
6:41 of 2nd period - Eric Staal wins face-off versus Sam Bennett in Kings zone.
7:06 of 2nd period - Tyler Johnson is hit by Tanner Pearson and loses puck.
7:10 of 2nd period - Icing by Jared Cowen.
7:11 of 2nd period - Patrik Berglund wins face-off versus Kevin Hayes in Kings zone.
7:40 of 2nd period - Snap shot by Chris Tierney.
7:40 of 2nd period - Stopped by Christopher Gibson without a rebound.
7:41 of 2nd period - Eric Staal wins face-off versus Sam Bennett in Flames zone.
8:10 of 2nd period - Backhand shot by Matthew Tkachuk.
8:10 of 2nd period - Shot Misses the Net.
8:12 of 2nd period - Snap shot by Zac Rinaldo.
8:12 of 2nd period - Stopped by Christopher Gibson with a rebound.
8:22 of 2nd period - Snap shot by Eric Staal.
8:22 of 2nd period - Shot Misses the Net.
8:31 of 2nd period - Minor Penalty to Raphael Diaz for Tripping.
8:32 of 2nd period - Patrik Berglund wins face-off versus Tyler Johnson in Kings zone.
8:32 of 2nd period - Wrist shot by Kevin Labanc.
8:32 of 2nd period - Stopped by Charlie Lindgren with a rebound.
10:19 of 2nd period - Esa Lindell is hit by Martin Marincin and loses puck.
10:31 of 2nd period - Penalty to Raphael Diaz is over, Raphael Diaz is back on ice.
11:04 of 2nd period - Snap shot by Zac Rinaldo.
11:04 of 2nd period - Shot Misses the Net.
11:05 of 2nd period - Minor Penalty to Zac Rinaldo for Hooking.
11:06 of 2nd period - Tyler Johnson wins face-off versus Patrik Berglund in Kings zone.
11:23 of 2nd period - Snap shot by Kevin Labanc.
11:23 of 2nd period - Deflect By Chris Tierney.
11:23 of 2nd period - Shot Misses the Net.
11:23 of 2nd period - Puck is out of play.
11:24 of 2nd period - Tyler Johnson wins face-off versus Eric Staal in Kings zone.
11:49 of 2nd period - Colton Parayko is hit by Sami Vatanen and loses puck.
13:05 of 2nd period - Penalty to Zac Rinaldo is over, Zac Rinaldo is back on ice.
13:13 of 2nd period - Backhand shot by Martin Marincin.
13:13 of 2nd period - Shot Misses the Net.
13:15 of 2nd period - Snap shot by Mikko Rantanen.
13:15 of 2nd period - Shot Blocked by David Ullstrom.
13:19 of 2nd period - Wrist shot by Johnny Gaudreau.
13:19 of 2nd period - Shot Misses the Net.
13:21 of 2nd period - Wrist shot by Auston Matthews.
13:21 of 2nd period - Stopped by Christopher Gibson without a rebound.
13:22 of 2nd period - Eric Staal wins face-off versus Sam Bennett in Flames zone.
13:22 of 2nd period - Eric Staal is hit by Sam Bennett.
13:38 of 2nd period - Colby Robak is hit by Brian Ferlin and loses puck.
14:02 of 2nd period - Minor Penalty to Mikko Rantanen for Hooking.
14:03 of 2nd period - Eric Staal wins face-off versus Tyler Johnson in Kings zone.
14:03 of 2nd period - Wrist shot by Jimmy Hayes.
14:03 of 2nd period - Stopped by Charlie Lindgren with a rebound.
14:05 of 2nd period - Snap shot by Jimmy Hayes.
14:05 of 2nd period - Goal by Jimmy Hayes - Flames : 3 - Kings : 1.
14:06 of 2nd period - Eric Staal wins face-off versus Sam Bennett in neutral zone.
14:29 of 2nd period - Snap shot by Victor Hedman.
14:29 of 2nd period - Deflect By Patrik Berglund.
14:29 of 2nd period - Stopped by Christopher Gibson with a rebound.
14:39 of 2nd period - Slapshot by Chris Tierney.
14:39 of 2nd period - Shot Misses the Net.
14:57 of 2nd period - Slapshot by Sami Vatanen.
14:57 of 2nd period - Shot Misses the Net.
14:59 of 2nd period - Snap shot by Erik Johnson.
14:59 of 2nd period - Stopped by Charlie Lindgren with a rebound.
15:01 of 2nd period - Wrist shot by Colin Wilson.
15:01 of 2nd period - Shot Misses the Net.
15:10 of 2nd period - Minor Penalty to Brian Ferlin for Diving.
15:11 of 2nd period - Tyler Johnson wins face-off versus Jimmy Hayes in Kings zone.
15:20 of 2nd period - Slapshot by Christian Folin.
15:20 of 2nd period - Deflect By Jimmy Hayes.
15:20 of 2nd period - Stopped by Charlie Lindgren without a rebound.
15:21 of 2nd period - Eric Staal wins face-off versus Tyler Johnson in Kings zone.
15:24 of 2nd period - Snap shot by Tanner Pearson.
15:24 of 2nd period - Stopped by Charlie Lindgren with a rebound.
15:26 of 2nd period - Slapshot by Christian Folin.
15:26 of 2nd period - Shot Misses the Net.
17:10 of 2nd period - Penalty to Brian Ferlin is over, Brian Ferlin is back on ice.
17:19 of 2nd period - Chris Tierney is hit by Sami Vatanen and loses puck.
18:05 of 2nd period - Snap shot by Alex Killorn.
18:05 of 2nd period - Stopped by Christopher Gibson with a rebound.
18:55 of 2nd period - Slapshot by Christian Folin.
18:55 of 2nd period - Shot Blocked by Tyler Johnson.
19:05 of 2nd period - Snap shot by Kevin Hayes.
19:05 of 2nd period - Shot Blocked by Bryan Rust.
Goals for this period are 1 for Flames vs 0 for Kings.
Shots for this period are 12 for Flames vs 9 for Kings.
3rd period
0:01 of 3rd period - Eric Staal wins face-off versus Sam Bennett in neutral zone.
0:03 of 3rd period - Erik Johnson is hit by Mitch Marner and loses puck.
0:22 of 3rd period - Minor Penalty to Colton Parayko for Holding.
0:23 of 3rd period - Eric Staal wins face-off versus Tyler Johnson in Kings zone.
0:38 of 3rd period - Snap shot by Jimmy Hayes.
0:38 of 3rd period - Goal by Jimmy Hayes - Flames : 4 - Kings : 1.
0:39 of 3rd period - Kevin Hayes wins face-off versus Eric Staal in neutral zone.
0:50 of 3rd period - Snap shot by Chris Tierney.
0:50 of 3rd period - Stopped by Christopher Gibson with a rebound.
0:52 of 3rd period - Snap shot by Victor Hedman.
0:52 of 3rd period - Shot Blocked by Sami Vatanen.
1:06 of 3rd period - Victor Hedman is hit by Tanner Pearson and loses puck.
1:48 of 3rd period - Wrist shot by Chris Tierney.
1:48 of 3rd period - Stopped by Christopher Gibson with a rebound.
1:52 of 3rd period - Slapshot by Chris Tierney.
1:52 of 3rd period - Goal by Chris Tierney - Flames : 4 - Kings : 2.
1:53 of 3rd period - Eric Staal wins face-off versus Sam Bennett in neutral zone.
1:56 of 3rd period - Wrist shot by Christian Folin.
1:56 of 3rd period - Stopped by Charlie Lindgren with a rebound.
2:04 of 3rd period - Snap shot by Eric Staal.
2:04 of 3rd period - Deflect By Brad Marchand.
2:04 of 3rd period - Shot Misses the Net.
2:04 of 3rd period - Puck is out of play.
2:05 of 3rd period - Eric Staal wins face-off versus Kevin Hayes in Kings zone.
2:06 of 3rd period - Snap shot by Bryan Rust.
2:06 of 3rd period - Shot Blocked by Martin Marincin.
2:08 of 3rd period - Slapshot by Eric Staal.
2:08 of 3rd period - Shot Misses the Net.
2:10 of 3rd period - Slapshot by Esa Lindell.
2:10 of 3rd period - Shot Hit the Post.
2:28 of 3rd period - Minor Penalty to Martin Marincin for Hooking.
2:29 of 3rd period - Tyler Johnson wins face-off versus Eric Staal in Kings zone.
2:29 of 3rd period - Tyler Johnson is hit by Eric Staal.
2:57 of 3rd period - Slapshot by Christian Folin.
2:57 of 3rd period - Stopped by Charlie Lindgren with a rebound.
2:59 of 3rd period - Snap shot by Kevin Labanc.
2:59 of 3rd period - Shot Misses the Net.
3:01 of 3rd period - Slapshot by Esa Lindell.
3:01 of 3rd period - Stopped by Charlie Lindgren without a rebound.
3:02 of 3rd period - Eric Staal wins face-off versus Tyler Johnson in Kings zone.
4:27 of 3rd period - Icing by Christian Folin.
4:28 of 3rd period - Penalty to Martin Marincin is over, Martin Marincin is back on ice.
4:28 of 3rd period - Patrik Berglund wins face-off versus Sam Bennett in Flames zone.
4:30 of 3rd period - Icing by Kevin Labanc.
4:31 of 3rd period - Sam Bennett wins face-off versus Patrik Berglund in Flames zone.
4:44 of 3rd period - Snap shot by Christian Folin.
4:44 of 3rd period - Stopped by Charlie Lindgren without a rebound.
4:45 of 3rd period - Kevin Hayes wins face-off versus Eric Staal in Kings zone.
4:45 of 3rd period - Kevin Hayes is hit by Bryan Rust.
4:59 of 3rd period - Wrist shot by Brad Marchand.
4:59 of 3rd period - Stopped by Charlie Lindgren without a rebound.
5:00 of 3rd period - Mitch Marner wins face-off versus Patrik Berglund in Kings zone.
5:11 of 3rd period - Snap shot by Mitch Marner.
5:11 of 3rd period - Stopped by Christopher Gibson without a rebound.
5:12 of 3rd period - Sam Bennett wins face-off versus Eric Staal in Flames zone.
5:19 of 3rd period - Wrist shot by Mitch Marner.
5:19 of 3rd period - Stopped by Christopher Gibson without a rebound.
5:20 of 3rd period - Brian Ferlin wins face-off versus Eric Staal in Flames zone.
5:35 of 3rd period - Wrist shot by Sam Bennett.
5:35 of 3rd period - Shot Misses the Net.
5:49 of 3rd period - Snap shot by Sami Vatanen.
5:49 of 3rd period - Deflect By Kevin Hayes.
5:49 of 3rd period - Stopped by Charlie Lindgren with a rebound.
5:51 of 3rd period - Snap shot by Tanner Pearson.
5:51 of 3rd period - Goal by Tanner Pearson - Flames : 5 - Kings : 2.
5:52 of 3rd period - Eric Staal wins face-off versus Kevin Hayes in neutral zone.
6:02 of 3rd period - Minor Penalty to Kevin Hayes for Roughing.
6:03 of 3rd period - Tyler Johnson wins face-off versus Eric Staal in Kings zone.
6:11 of 3rd period - Slapshot by Eric Staal.
6:11 of 3rd period - Goal by Eric Staal - Flames : 6 - Kings : 2.
6:12 of 3rd period - Eric Staal wins face-off versus Sam Bennett in neutral zone.
6:15 of 3rd period - Sam Bennett is hit by Eric Staal and loses puck.
6:23 of 3rd period - Icing by Sami Vatanen.
6:24 of 3rd period - Eric Staal wins face-off versus Kevin Hayes in Flames zone.
6:26 of 3rd period - Icing by Erik Johnson.
6:27 of 3rd period - Eric Staal wins face-off versus Kevin Hayes in Flames zone.
6:40 of 3rd period - Wrist shot by Tyler Johnson.
6:40 of 3rd period - Shot Blocked by Erik Johnson.
7:05 of 3rd period - Erik Johnson is hit by Sam Bennett.
7:27 of 3rd period - Mikko Rantanen is hit by Patrik Berglund and loses puck.
8:07 of 3rd period - Snap shot by Mikko Rantanen.
8:07 of 3rd period - Stopped by Christopher Gibson with a rebound.
8:09 of 3rd period - Snap shot by Johnny Gaudreau.
8:09 of 3rd period - Stopped by Christopher Gibson without a rebound.
8:10 of 3rd period - Patrik Berglund wins face-off versus Kevin Hayes in Flames zone.
8:30 of 3rd period - Minor Penalty to David Savard for Boarding.
8:31 of 3rd period - Sam Bennett wins face-off versus Brad Marchand in Flames zone.
10:30 of 3rd period - Penalty to David Savard is over, David Savard is back on ice.
10:37 of 3rd period - Snap shot by Zac Rinaldo.
10:37 of 3rd period - Stopped by Christopher Gibson with a rebound.
12:48 of 3rd period - Icing by David Savard.
12:49 of 3rd period - Eric Staal wins face-off versus Zac Rinaldo in Flames zone.
12:49 of 3rd period - Eric Staal is hit by Matthew Tkachuk.
13:13 of 3rd period - David Savard is hit by Johnny Gaudreau and loses puck.
13:58 of 3rd period - Wrist shot by Chris Tierney.
13:58 of 3rd period - Deflect By Tyler Johnson.
13:58 of 3rd period - Stopped by Christopher Gibson without a rebound.
13:59 of 3rd period - Auston Matthews wins face-off versus Eric Staal in Flames zone.
14:00 of 3rd period - Wrist shot by Johnny Gaudreau.
14:00 of 3rd period - Shot Misses the Net.
14:10 of 3rd period - Slapshot by Mikko Rantanen.
14:10 of 3rd period - Shot Misses the Net.
14:53 of 3rd period - Wrist shot by Victor Hedman.
14:53 of 3rd period - Stopped by Christopher Gibson with a rebound.
16:14 of 3rd period - Snap shot by Kyle Palmieri.
16:14 of 3rd period - Shot Misses the Net.
16:16 of 3rd period - Snap shot by Erik Johnson.
16:16 of 3rd period - Stopped by Charlie Lindgren with a rebound.
16:18 of 3rd period - Snap shot by Kyle Palmieri.
16:18 of 3rd period - Shot Misses the Net.
16:20 of 3rd period - Snap shot by Sami Vatanen.
16:20 of 3rd period - Stopped by Charlie Lindgren with a rebound.
16:51 of 3rd period - Johnny Gaudreau is hit by Jimmy Hayes.
17:57 of 3rd period - Jared Cowen is hit by Patrik Berglund and loses puck.
18:46 of 3rd period - Backhand shot by Kyle Palmieri.
18:46 of 3rd period - Deflect By Anders Lee.
18:46 of 3rd period - Stopped by Charlie Lindgren without a rebound.
18:47 of 3rd period - Eric Staal wins face-off versus Kevin Hayes in Kings zone.
19:13 of 3rd period - Martin Marincin is hit by Esa Lindell and loses puck.
19:34 of 3rd period - Sami Vatanen is hit by Johnny Gaudreau and loses puck.
19:56 of 3rd period - Wrist shot by Alex Killorn.
19:56 of 3rd period - Deflect By Anders Lee.
19:56 of 3rd period - Shot Misses the Net.
19:56 of 3rd period - Puck is out of play.
19:57 of 3rd period - Anders Lee wins face-off versus Zac Rinaldo in Flames zone.
19:59 of 3rd period - Minor Penalty to David Ullstrom for Tripping.
Goals for this period are 3 for Flames vs 1 for Kings.
Shots for this period are 12 for Flames vs 10 for Kings.
Goals for this period are 3 for Flames vs 1 for Kings.
Shots for this period are 12 for Flames vs 10 for Kings.